Map: Whispers of Gold

Players

Marcelo

  • Race: Terran Terran
  • League: Silver
  • Spawn Location: 9:00

WeAreLegion - Winner!

  • Race: Terran Terran
  • League: Silver
  • Spawn Location: 5:00

VOD

Have the link to the VOD?

Description

Time

  • Played on: Dec. 4, 2024, 8:24 p.m.
  • Length: 20:05
Show
View Real Time Build Order
Export as new Build Order

Marcelo Terran 

Build Orders:  

Get SALT Encoding   

  12  0:02  SCV  
  14  0:14  SCV  
  14  0:22  Supply Depot  
  14  0:26  SCV  
  15  0:43  SCV  
  15  0:46  Refinery  
  16  0:54  Barracks  
  16  0:55  SCV  
  17  1:08  SCV  
  18  1:13  Supply Depot  
  18  1:20  SCV  
  18  1:24  Refinery  
  19  1:32  SCV  
  20  1:36  Supply Depot  
  20  1:43  Marine  
  20  1:44  SCV  
  22  1:56  SCV  
  22  1:59  Factory  
  23  2:03  Marine  
  23  2:08  SCV  
  25  2:24  Bunker  
  25  2:26  Barracks Reactor  
  25  2:38  Orbital Command  
  25  2:46  Factory Tech Lab  
  25  2:57  Starport  
  25  3:06  Bunker  
  25  3:15  Command Center  
  25  3:19  Siege Tank  
  28  3:24  Marine  
  29  3:27  Marine  
  30  3:35  SCV  
  31  3:47  SCV  
  32  3:50  Bunker  
  32  3:57  Siege Tank  
  32  3:59  SCV  
  36  4:04  Marine x2  
  38  4:12  SCV  
  39  4:27  SCV  
  39  4:29  SCV  
  41  4:32  Refinery  
  41  4:39  SCV  
  41  4:41  SCV  
  41  4:43  Supply Depot  
  43  4:53  Supply Depot, SCV  
  43  4:58  SCV  
  45  5:01  Starport Tech Lab  
  45  5:05  SCV  
  46  5:08  Starport  
  46  5:09  Siege Tank  
  46  5:10  SCV  
  50  5:17  SCV  
  51  5:22  SCV  
  50  5:29  SCV  
  50  5:33  Marine x2  
  50  5:35  SCV  
  54  5:41  SCV, Banshee  
  58  5:47  SCV  
  59  5:51  Starport Tech Lab, Marine x2  
  59  5:53  Cloaking Field  
  61  6:03  Engineering Bay  
  61  6:06  SCV  
  61  6:09  Marine x2  
  61  6:11  Orbital Command  
  64  6:18  SCV  
  65  6:26  Marine, Command Center  
  65  6:30  SCV, Banshee  
  70  6:40  Missile Turret  
  70  6:52  Refinery  
  70  7:01  Missile Turret  
  70  7:05  Missile Turret  
  70  7:23  Refinery  
  70  7:34  Supply Depot  
  70  7:36  Neosteel Armor  
  70  7:37  Banshee x2  
  70  7:38  SCV  
  77  7:45  SCV  
  77  7:50  SCV  
  79  7:56  Marine x2  
  79  7:57  SCV  
  82  8:08  Planetary Fortress  
  82  8:09  SCV  
  83  8:13  Marine x2  
  83  8:14  Missile Turret  
  85  8:20  Banshee x2  
  85  8:21  SCV  
  85  8:25  Missile Turret  
  92  8:28  Refinery  
  92  8:31  Marine  
  93  8:44  Armory  
  93  8:51  Fusion Core  
  93  9:04  Missile Turret  
  93  9:28  Hi-Sec Auto Tracking  
  93  9:37  Armory  
  93  9:38  Terran Ship Weapons Level 1  
  93  9:40  Weapon Refit  
  93  9:50  Supply Depot  
  93  10:03  Supply Depot  
  93  10:11  Marine, Banshee  
  93  10:12  SCV, Banshee  
  84  10:54  Banshee  
  84  11:05  Marine x2  
  86  11:11  Banshee  
  86  11:27  Command Center  
  86  11:28  Marine  
  86  11:51  Siege Tank, Marine x2, Banshee  
  94  11:55  Battlecruiser  
  94  12:01  Supply Depot  
  94  12:09  Marine x2  
  96  12:16  Supply Depot  
  96  12:22  Supply Depot  
  96  12:23  Siege Tank  
  96  12:26  Marine x2  
  96  12:28  Supply Depot  
  101  12:34  Battlecruiser  
  107  12:39  Terran Vehicle Weapons Level 1  
  107  12:43  Terran Vehicle And Ship Armor Level 1  
  107  12:44  Marine x2  
  109  12:56  Hellion  
  111  12:59  Battlecruiser  
  111  13:02  Barracks  
  111  13:05  Factory  
  117  13:08  Supply Depot  
  114  13:17  Hellion  
  114  13:18  Missile Turret  
  116  13:38  Hellion, Viking  
  105  14:00  Hellion  
  106  14:03  Viking  
  106  14:08  Viking  
  71  14:33  Viking  
  71  14:37  Missile Turret  
  70  14:38  Battlecruiser, Barracks Reactor  
  70  14:40  Marine x2  
  72  14:46  Cyclone  
  73  14:55  Factory Reactor  
  73  14:58  Marine x2  
  75  15:03  Viking  
  77  15:16  Marine x2  
  77  15:18  Cyclone  
  77  15:31  Missile Turret  
  77  15:33  Battlecruiser  
  77  15:34  Marine x2  
  85  15:37  Missile Turret, Hellion x2  
  85  15:42  Viking  
  91  15:44  Marine x2  
  93  15:50  Cyclone  
  93  15:52  Marine x2  
  98  15:58  Hellion  
  98  15:59  Hellion  
  98  16:02  Marine x2  
  103  16:06  Missile Turret  
  103  16:09  Marine  
  103  16:10  Marine  
  105  16:20  Marine x2, Hellion x2  
  105  16:22  Cyclone  
  111  16:27  Marine  
  112  16:41  Hellion x2  
  80  16:54  Cyclone  
  77  17:08  Marine x3  
  77  17:09  Marine  
  77  17:10  Missile Turret  
  77  17:13  Terran Ship Weapons Level 2  
  77  17:15  Viking x2  
  85  17:19  Terran Infantry Weapons Level 1  
  85  17:26  Marine x4, Cyclone  
  92  17:39  Bunker  
  92  17:44  Marine x4  
  91  17:45  Viking x2  
  99  18:00  Missile Turret  
  99  18:01  Marine  
  100  18:14  Command Center  
  100  18:18  Refinery  
  100  18:38  Missile Turret  
  100  18:54  Refinery  
  100  19:05  Missile Turret  
Show
View Real Time Build Order
Export as new Build Order

WeAreLegion Terran - Winner!

Build Orders: Reaper Expand 

Get SALT Encoding   

  12  0:00  SCV  
  13  0:12  SCV  
  14  0:19  Supply Depot  
  14  0:24  SCV  
  15  0:41  SCV  
  16  0:44  Barracks  
  16  0:50  Refinery  
  16  0:53  SCV  
  17  1:05  SCV  
  18  1:17  SCV  
  19  1:31  Orbital Command  
  19  1:33  Reaper  
  20  1:47  Command Center  
  20  2:01  Supply Depot, SCV  
  20  2:05  Marine  
  22  2:15  Factory  
  22  2:20  SCV, Refinery  
  23  2:32  SCV  
  23  2:37  Marine  
  26  2:44  SCV  
  26  2:56  SCV  
  27  3:02  Orbital Command  
  27  3:05  Marine  
  28  3:08  SCV  
  28  3:09  Starport  
  29  3:20  SCV  
  30  3:29  Barracks Reactor  
  30  3:32  SCV, Widow Mine  
  33  3:42  Supply Depot, SCV  
  33  3:44  SCV  
  35  3:52  Medivac  
  35  3:53  Widow Mine  
  35  3:54  SCV  
  40  3:56  SCV  
  40  3:58  Engineering Bay  
  41  4:05  Barracks  
  41  4:06  SCV  
  41  4:09  SCV  
  43  4:10  Barracks  
  43  4:18  SCV  
  43  4:21  SCV, Marine x2  
  43  4:23  Factory Tech Lab  
  47  4:24  Starport Tech Lab  
  47  4:30  SCV  
  48  4:33  SCV  
  49  4:38  Marine  
  49  4:39  Marine  
  49  4:40  Supply Depot  
  49  4:42  SCV  
  52  4:46  SCV  
  52  4:47  Terran Infantry Weapons Level 1  
  53  4:54  SCV  
  54  5:02  Raven, Siege Tank, Marine x2  
  54  5:05  Supply Depot  
  61  5:08  Supply Depot  
  61  5:19  Marine  
  62  5:35  SCV x2  
  64  5:45  Command Center  
  64  5:47  SCV x2  
  66  5:50  Missile Turret x2  
  66  5:53  Marine x2  
  69  5:57  Refinery  
  69  5:58  Marine, Refinery  
  69  6:00  Barracks Tech Lab  
  69  6:11  Marine x2  
  69  6:13  Barracks  
  69  6:14  Supply Depot  
  69  6:16  Starport Reactor  
  69  6:17  Supply Depot  
  69  6:18  SCV x2  
  73  6:24  Missile Turret  
  73  6:25  Missile Turret  
  73  6:29  Marine x3  
  76  6:38  Stimpack  
  76  6:39  Barracks Reactor  
  76  6:43  Siege Tank  
  76  6:46  Marine  
  76  6:47  Marine, Marauder  
  83  7:00  Supply Depot  
  83  7:02  Supply Depot  
  83  7:04  Marine x2, Medivac x2  
  89  7:08  Marauder  
  89  7:13  Engineering Bay  
  89  7:15  Siege Tank, Armory  
  94  7:16  Marine  
  94  7:17  Marine  
  94  7:22  Marine x2  
  97  7:27  Supply Depot  
  100  7:30  Supply Depot, Marauder  
  100  7:33  Orbital Command  
  100  7:34  Marine x2, Medivac  
  104  7:40  Marine x2  
  106  7:47  Siege Tank  
  111  7:51  Marauder  
  111  7:52  Marine x2  
  111  7:58  Marine x2, Medivac  
  117  8:07  Armory  
  117  8:10  Marine x2  
  117  8:12  Marine  
  120  8:14  Terran Infantry Weapons Level 2  
  120  8:16  Marine x2  
  120  8:19  SCV x3, Siege Tank  
  128  8:28  Marine x2  
  128  8:30  Marauder  
  128  8:31  SCV x3  
  128  8:33  Marine  
  128  8:34  Marine  
  137  8:35  Combat Shield  
  137  8:37  Concussive Shells  
  137  8:43  SCV x3  
  137  8:44  Supply Depot  
  140  8:48  Supply Depot  
  140  8:49  Marine  
  141  9:06  SCV, Marine x3, Marauder  
  141  9:07  Siege Tank, Marine  
  141  9:08  Supply Depot  
  151  9:16  Supply Depot  
  151  9:22  Viking x2  
  151  9:24  Marine x3  
  158  9:25  Marine  
  158  9:28  Marauder  
  161  9:31  Supply Depot  
  161  9:39  Supply Depot  
  161  9:41  Starport  
  161  9:45  Terran Vehicle Weapons Level 1, Factory  
  161  9:49  Marauder  
  161  9:52  Viking x2  
  165  10:10  Marauder  
  145  10:22  Viking x2  
  149  10:32  Marauder  
  138  10:52  Marine x3  
  138  10:53  Marine x2  
  138  10:56  Widow Mine  
  140  10:58  Starport Tech Lab, Viking x2  
  140  10:59  Factory Tech Lab  
  138  11:11  Marauder  
  138  11:12  SCV x3  
  138  11:17  Widow Mine  
  142  11:24  SCV x3  
  145  11:27  Viking  
  146  11:33  Marauder  
  146  11:36  SCV x3  
  146  11:38  Widow Mine  
  148  11:54  Marauder  
  148  12:00  Widow Mine  
  149  12:15  Marauder  
  149  12:21  Widow Mine  
  151  12:31  Interference Matrix  
  151  12:32  Terran Ship Weapons Level 1  
  151  12:33  Terran Infantry Weapons Level 3  
  151  12:34  Terran Infantry Armor Level 1  
  151  12:37  Terran Vehicle Weapons Level 2  
  151  12:39  SCV  
  151  12:41  SCV x2  
  154  12:45  Marine x5  
  154  12:48  Siege Tank  
  162  12:51  Liberator  
  162  12:52  SCV  
  162  12:53  SCV x2  
  168  13:02  Marine  
  168  13:03  Marine x3  
  168  13:04  SCV, Marauder  
  168  13:05  SCV x2  
  177  13:16  SCV  
  177  13:17  SCV x2  
  180  13:20  Siege Tank  
  180  13:25  Marauder  
  185  13:28  SCV  
  185  13:29  SCV x2  
  184  13:46  Marauder  
  186  13:52  Siege Tank  
  176  14:08  Marauder  
  132  14:24  Siege Tank  
  113  14:41  Marine x4  
  113  14:42  Marine  
  113  14:44  Liberator x2  
  124  14:56  Siege Tank  
  124  14:59  Marine x3  
  128  15:00  Marauder  
  121  15:21  Marauder  
  121  15:26  Terran Infantry Armor Level 2  
  121  15:27  Liberator  
  126  15:28  Siege Tank  
  126  15:33  Marine x4  
  133  15:36  Liberator  
  138  15:43  Marauder  
  138  15:45  Ghost Academy  
  138  15:51  Marine x4  
  142  15:57  Refinery  
  142  15:59  Refinery  
  142  16:00  Siege Tank  
  147  16:04  Marauder  
  147  16:09  Marine x2  
  147  16:10  Liberator  
  152  16:14  SCV  
  152  16:15  SCV x2  
  152  16:19  Command Center  
  152  16:22  Command Center  
  152  16:25  Marauder  
  152  16:26  SCV  
  152  16:27  SCV x2  
  149  16:33  Siege Tank, Marine  
  149  16:34  Marine x3  
  149  16:38  SCV  
  149  16:39  SCV  
  156  16:47  Marauder  
  156  16:51  Marine x2  
  156  16:52  Terran Vehicle Weapons Level 3  
  152  17:08  Marauder  
  152  17:27  SCV  
  152  17:28  SCV x2  
  155  17:36  Planetary Fortress  
  155  17:38  Planetary Fortress  
  155  17:40  SCV x3  
  155  17:41  Refinery  
  158  17:44  Refinery  
  158  17:52  SCV x2, Refinery  
  157  17:58  Refinery  
  137  19:16  Barracks  
  136  19:17  Barracks  
  136  19:18  Barracks, Factory  
Tags
 
Matchup
TvT
Race
Terran
Replay Pack
December
Spawn Locations
Cross Positions
Add a new tag
Caveats
  • Supply blocks, unpowered buildings, or Contaminate may cause inaccurate times.
  • Supply counts are checked every 10 seconds.